Workbook

Sheet Summary
A1: Self Storage Cap Rate Calculator
A3: Portfolio Indicator | B3: Calculated Value
A4: Annual Operating Income | B4: =IF(COUNTIF('NOI Records'!$F$5:$F$104,"Operating Income")=0,"",SUMIF('NOI Records'!$F$5:$F$104,"Operating Income",'NOI Records'!$D$5:$D$104))
A5: Annual Operating Expenses | B5: =IF(COUNTIF('NOI Records'!$F$5:$F$104,"Operating Expense")=0,"",SUMIF('NOI Records'!$F$5:$F$104,"Operating Expense",'NOI Records'!$D$5:$D$104))
A6: Net Operating Income | B6: =IF(OR(NOT(ISNUMBER(B4)),NOT(ISNUMBER(B5))),"",B4-B5)
A7: Expense Ratio | B7: =IFERROR(IF(OR(B4="",B4=0,B5=""),"",B5/B4),"")
A8: Included Record Count | B8: =IF(COUNTA('NOI Records'!$A$5:$A$104)=0,"",COUNTIF('NOI Records'!$F$5:$F$104,"Operating Income")+COUNTIF('NOI Records'!$F$5:$F$104,"Operating Expense"))
A9: Records Needing Review | B9: =IF(COUNTA('NOI Records'!$A$5:$A$104)=0,"",COUNTIF('NOI Records'!$J$5:$J$104,"<>"))
A12: Valuation Scenarios
A13: Scenario | B13: Cap Rate | C13: Indicated Value
A14: =IF(Assumptions!A5="","",Assumptions!A5) | B14: =IF(Assumptions!B5="","",Assumptions!B5) | C14: =IFERROR(IF(OR(NOT(ISNUMBER($B$6)),$B$6<=0,NOT(ISNUMBER(B14)),B14<=0),"",$B$6/B14),"")
A15: =IF(Assumptions!A6="","",Assumptions!A6) | B15: =IF(Assumptions!B6="","",Assumptions!B6) | C15: =IFERROR(IF(OR(NOT(ISNUMBER($B$6)),$B$6<=0,NOT(ISNUMBER(B15)),B15<=0),"",$B$6/B15),"")
A16: =IF(Assumptions!A7="","",Assumptions!A7) | B16: =IF(Assumptions!B7="","",Assumptions!B7) | C16: =IFERROR(IF(OR(NOT(ISNUMBER($B$6)),$B$6<=0,NOT(ISNUMBER(B16)),B16<=0),"",$B$6/B16),"")
A19: Facility-Level Results
A20: Facility | B20: Operating Income | C20: Operating Expenses | D20: NOI | E20: Base Case Value
A21: =IF(Assumptions!E5="","",Assumptions!E5) | B21: =IF($A21="","",IF(COUNTIFS('NOI Records'!$A$5:$A$104,$A21,'NOI Records'!$F$5:$F$104,"Operating Income")=0,"",SUMIFS('NOI Records'!$D$5:$D$104,'NOI Records'!$A$5:$A$104,$A21,'NOI Records'!$F$5:$F$104,"Operating Income"))) | C21: =IF($A21="","",IF(COUNTIFS('NOI Records'!$A$5:$A$104,$A21,'NOI Records'!$F$5:$F$104,"Operating Expense")=0,"",SUMIFS('NOI Records'!$D$5:$D$104,'NOI Records'!$A$5:$A$104,$A21,'NOI Records'!$F$5:$F$104,"Operating Expense"))) | D21: =IFERROR(IF(OR(B21="",C21=""),"",B21-C21),"") | E21: =IFERROR(IF(OR(D21="",D21<=0,Assumptions!$B$6="",Assumptions!$B$6<=0),"",D21/Assumptions!$B$6),"")
A22: =IF(Assumptions!E6="","",Assumptions!E6) | B22: =IF($A22="","",IF(COUNTIFS('NOI Records'!$A$5:$A$104,$A22,'NOI Records'!$F$5:$F$104,"Operating Income")=0,"",SUMIFS('NOI Records'!$D$5:$D$104,'NOI Records'!$A$5:$A$104,$A22,'NOI Records'!$F$5:$F$104,"Operating Income"))) | C22: =IF($A22="","",IF(COUNTIFS('NOI Records'!$A$5:$A$104,$A22,'NOI Records'!$F$5:$F$104,"Operating Expense")=0,"",SUMIFS('NOI Records'!$D$5:$D$104,'NOI Records'!$A$5:$A$104,$A22,'NOI Records'!$F$5:$F$104,"Operating Expense"))) | D22: =IFERROR(IF(OR(B22="",C22=""),"",B22-C22),"") | E22: =IFERROR(IF(OR(D22="",D22<=0,Assumptions!$B$6="",Assumptions!$B$6<=0),"",D22/Assumptions!$B$6),"")
A23: =IF(Assumptions!E7="","",Assumptions!E7) | B23: =IF($A23="","",IF(COUNTIFS('NOI Records'!$A$5:$A$104,$A23,'NOI Records'!$F$5:$F$104,"Operating Income")=0,"",SUMIFS('NOI Records'!$D$5:$D$104,'NOI Records'!$A$5:$A$104,$A23,'NOI Records'!$F$5:$F$104,"Operating Income"))) | C23: =IF($A23="","",IF(COUNTIFS('NOI Records'!$A$5:$A$104,$A23,'NOI Records'!$F$5:$F$104,"Operating Expense")=0,"",SUMIFS('NOI Records'!$D$5:$D$104,'NOI Records'!$A$5:$A$104,$A23,'NOI Records'!$F$5:$F$104,"Operating Expense"))) | D23: =IFERROR(IF(OR(B23="",C23=""),"",B23-C23),"") | E23: =IFERROR(IF(OR(D23="",D23<=0,Assumptions!$B$6="",Assumptions!$B$6<=0),"",D23/Assumptions!$B$6),"")
A24: =IF(Assumptions!E8="","",Assumptions!E8) | B24: =IF($A24="","",IF(COUNTIFS('NOI Records'!$A$5:$A$104,$A24,'NOI Records'!$F$5:$F$104,"Operating Income")=0,"",SUMIFS('NOI Records'!$D$5:$D$104,'NOI Records'!$A$5:$A$104,$A24,'NOI Records'!$F$5:$F$104,"Operating Income"))) | C24: =IF($A24="","",IF(COUNTIFS('NOI Records'!$A$5:$A$104,$A24,'NOI Records'!$F$5:$F$104,"Operating Expense")=0,"",SUMIFS('NOI Records'!$D$5:$D$104,'NOI Records'!$A$5:$A$104,$A24,'NOI Records'!$F$5:$F$104,"Operating Expense"))) | D24: =IFERROR(IF(OR(B24="",C24=""),"",B24-C24),"") | E24: =IFERROR(IF(OR(D24="",D24<=0,Assumptions!$B$6="",Assumptions!$B$6<=0),"",D24/Assumptions!$B$6),"")
A25: =IF(Assumptions!E9="","",Assumptions!E9) | B25: =IF($A25="","",IF(COUNTIFS('NOI Records'!$A$5:$A$104,$A25,'NOI Records'!$F$5:$F$104,"Operating Income")=0,"",SUMIFS('NOI Records'!$D$5:$D$104,'NOI Records'!$A$5:$A$104,$A25,'NOI Records'!$F$5:$F$104,"Operating Income"))) | C25: =IF($A25="","",IF(COUNTIFS('NOI Records'!$A$5:$A$104,$A25,'NOI Records'!$F$5:$F$104,"Operating Expense")=0,"",SUMIFS('NOI Records'!$D$5:$D$104,'NOI Records'!$A$5:$A$104,$A25,'NOI Records'!$F$5:$F$104,"Operating Expense"))) | D25: =IFERROR(IF(OR(B25="",C25=""),"",B25-C25),"") | E25: =IFERROR(IF(OR(D25="",D25<=0,Assumptions!$B$6="",Assumptions!$B$6<=0),"",D25/Assumptions!$B$6),"")
A26: =IF(Assumptions!E10="","",Assumptions!E10) | B26: =IF($A26="","",IF(COUNTIFS('NOI Records'!$A$5:$A$104,$A26,'NOI Records'!$F$5:$F$104,"Operating Income")=0,"",SUMIFS('NOI Records'!$D$5:$D$104,'NOI Records'!$A$5:$A$104,$A26,'NOI Records'!$F$5:$F$104,"Operating Income"))) | C26: =IF($A26="","",IF(COUNTIFS('NOI Records'!$A$5:$A$104,$A26,'NOI Records'!$F$5:$F$104,"Operating Expense")=0,"",SUMIFS('NOI Records'!$D$5:$D$104,'NOI Records'!$A$5:$A$104,$A26,'NOI Records'!$F$5:$F$104,"Operating Expense"))) | D26: =IFERROR(IF(OR(B26="",C26=""),"",B26-C26),"") | E26: =IFERROR(IF(OR(D26="",D26<=0,Assumptions!$B$6="",Assumptions!$B$6<=0),"",D26/Assumptions!$B$6),"")
A27: =IF(Assumptions!E11="","",Assumptions!E11) | B27: =IF($A27="","",IF(COUNTIFS('NOI Records'!$A$5:$A$104,$A27,'NOI Records'!$F$5:$F$104,"Operating Income")=0,"",SUMIFS('NOI Records'!$D$5:$D$104,'NOI Records'!$A$5:$A$104,$A27,'NOI Records'!$F$5:$F$104,"Operating Income"))) | C27: =IF($A27="","",IF(COUNTIFS('NOI Records'!$A$5:$A$104,$A27,'NOI Records'!$F$5:$F$104,"Operating Expense")=0,"",SUMIFS('NOI Records'!$D$5:$D$104,'NOI Records'!$A$5:$A$104,$A27,'NOI Records'!$F$5:$F$104,"Operating Expense"))) | D27: =IFERROR(IF(OR(B27="",C27=""),"",B27-C27),"") | E27: =IFERROR(IF(OR(D27="",D27<=0,Assumptions!$B$6="",Assumptions!$B$6<=0),"",D27/Assumptions!$B$6),"")
A28: =IF(Assumptions!E12="","",Assumptions!E12) | B28: =IF($A28="","",IF(COUNTIFS('NOI Records'!$A$5:$A$104,$A28,'NOI Records'!$F$5:$F$104,"Operating Income")=0,"",SUMIFS('NOI Records'!$D$5:$D$104,'NOI Records'!$A$5:$A$104,$A28,'NOI Records'!$F$5:$F$104,"Operating Income"))) | C28: =IF($A28="","",IF(COUNTIFS('NOI Records'!$A$5:$A$104,$A28,'NOI Records'!$F$5:$F$104,"Operating Expense")=0,"",SUMIFS('NOI Records'!$D$5:$D$104,'NOI Records'!$A$5:$A$104,$A28,'NOI Records'!$F$5:$F$104,"Operating Expense"))) | D28: =IFERROR(IF(OR(B28="",C28=""),"",B28-C28),"") | E28: =IFERROR(IF(OR(D28="",D28<=0,Assumptions!$B$6="",Assumptions!$B$6<=0),"",D28/Assumptions!$B$6),"")
A29: =IF(Assumptions!E13="","",Assumptions!E13) | B29: =IF($A29="","",IF(COUNTIFS('NOI Records'!$A$5:$A$104,$A29,'NOI Records'!$F$5:$F$104,"Operating Income")=0,"",SUMIFS('NOI Records'!$D$5:$D$104,'NOI Records'!$A$5:$A$104,$A29,'NOI Records'!$F$5:$F$104,"Operating Income"))) | C29: =IF($A29="","",IF(COUNTIFS('NOI Records'!$A$5:$A$104,$A29,'NOI Records'!$F$5:$F$104,"Operating Expense")=0,"",SUMIFS('NOI Records'!$D$5:$D$104,'NOI Records'!$A$5:$A$104,$A29,'NOI Records'!$F$5:$F$104,"Operating Expense"))) | D29: =IFERROR(IF(OR(B29="",C29=""),"",B29-C29),"") | E29: =IFERROR(IF(OR(D29="",D29<=0,Assumptions!$B$6="",Assumptions!$B$6<=0),"",D29/Assumptions!$B$6),"")
A30: =IF(Assumptions!E14="","",Assumptions!E14) | B30: =IF($A30="","",IF(COUNTIFS('NOI Records'!$A$5:$A$104,$A30,'NOI Records'!$F$5:$F$104,"Operating Income")=0,"",SUMIFS('NOI Records'!$D$5:$D$104,'NOI Records'!$A$5:$A$104,$A30,'NOI Records'!$F$5:$F$104,"Operating Income"))) | C30: =IF($A30="","",IF(COUNTIFS('NOI Records'!$A$5:$A$104,$A30,'NOI Records'!$F$5:$F$104,"Operating Expense")=0,"",SUMIFS('NOI Records'!$D$5:$D$104,'NOI Records'!$A$5:$A$104,$A30,'NOI Records'!$F$5:$F$104,"Operating Expense"))) | D30: =IFERROR(IF(OR(B30="",C30=""),"",B30-C30),"") | E30: =IFERROR(IF(OR(D30="",D30<=0,Assumptions!$B$6="",Assumptions!$B$6<=0),"",D30/Assumptions!$B$6),"")

Sheet NOI Records
A1: Annual NOI Records
A2: Enter one annual operating income or operating expense line per row. Editable cells are shaded pale yellow. | L2: =Assumptions!B11
L3: =Assumptions!B12
A4: Facility | B4: Unit / Item | C4: Period | D4: Amount | E4: Owner | F4: Status | G4: Due Date | H4: Notes | I4: NOI Effect | J4: Review Flag | L4: =Assumptions!B13
A5: Juniper Lock Storage (fictional) - Maple Junction | B5: All rentable units | C5: 46387 | D5: 550000 | E5: Casey Morgan (fictional) | F5: Operating Income | G5: 46295 | H5: Fictional annual rental income estimate. | I5: =IF(OR($A5="",$F5="",NOT(ISNUMBER($D5))),"",IF($F5="Operating Income",$D5,IF($F5="Operating Expense",-$D5,0))) | J5: =IF($A5="","",IF(OR($B5="",NOT(ISNUMBER($C5)),NOT(ISNUMBER($D5)),$E5="",$F5="",NOT(ISNUMBER($G5))),"Complete required fields",IF(COUNTIF(Assumptions!$E$5:$E$14,$A5)=0,"Facility not listed",IF(COUNTIF(Assumptions!$F$5:$F$14,$E5)=0,"Owner not listed",IF($F5="Review","Review",IF($F5="Exclude","",IF(AND(ISNUMBER($G5),$G5<TODAY()),"Past due review",""))))))) | L5: =Assumptions!E5 | M5: =Assumptions!F5 | N5: =Assumptions!D5
A6: Juniper Lock Storage (fictional) - Maple Junction | B6: Administrative fees | C6: 46387 | D6: 18000 | E6: Casey Morgan (fictional) | F6: Operating Income | G6: 46295 | H6: Fictional annual fee estimate. | I6: =IF(OR($A6="",$F6="",NOT(ISNUMBER($D6))),"",IF($F6="Operating Income",$D6,IF($F6="Operating Expense",-$D6,0))) | J6: =IF($A6="","",IF(OR($B6="",NOT(ISNUMBER($C6)),NOT(ISNUMBER($D6)),$E6="",$F6="",NOT(ISNUMBER($G6))),"Complete required fields",IF(COUNTIF(Assumptions!$E$5:$E$14,$A6)=0,"Facility not listed",IF(COUNTIF(Assumptions!$F$5:$F$14,$E6)=0,"Owner not listed",IF($F6="Review","Review",IF($F6="Exclude","",IF(AND(ISNUMBER($G6),$G6<TODAY()),"Past due review",""))))))) | L6: =Assumptions!E6 | M6: =Assumptions!F6 | N6: =Assumptions!D6
A7: Juniper Lock Storage (fictional) - Maple Junction | B7: Site operations | C7: 46387 | D7: 105000 | E7: Casey Morgan (fictional) | F7: Operating Expense | G7: 46300 | H7: Fictional payroll and site operating estimate. | I7: =IF(OR($A7="",$F7="",NOT(ISNUMBER($D7))),"",IF($F7="Operating Income",$D7,IF($F7="Operating Expense",-$D7,0))) | J7: =IF($A7="","",IF(OR($B7="",NOT(ISNUMBER($C7)),NOT(ISNUMBER($D7)),$E7="",$F7="",NOT(ISNUMBER($G7))),"Complete required fields",IF(COUNTIF(Assumptions!$E$5:$E$14,$A7)=0,"Facility not listed",IF(COUNTIF(Assumptions!$F$5:$F$14,$E7)=0,"Owner not listed",IF($F7="Review","Review",IF($F7="Exclude","",IF(AND(ISNUMBER($G7),$G7<TODAY()),"Past due review",""))))))) | L7: =Assumptions!E7 | M7: =Assumptions!F7 | N7: =Assumptions!D7
A8: Juniper Lock Storage (fictional) - Maple Junction | B8: Utilities | C8: 46387 | D8: 32000 | E8: Casey Morgan (fictional) | F8: Operating Expense | G8: 46300 | H8: Fictional annual utility estimate. | I8: =IF(OR($A8="",$F8="",NOT(ISNUMBER($D8))),"",IF($F8="Operating Income",$D8,IF($F8="Operating Expense",-$D8,0))) | J8: =IF($A8="","",IF(OR($B8="",NOT(ISNUMBER($C8)),NOT(ISNUMBER($D8)),$E8="",$F8="",NOT(ISNUMBER($G8))),"Complete required fields",IF(COUNTIF(Assumptions!$E$5:$E$14,$A8)=0,"Facility not listed",IF(COUNTIF(Assumptions!$F$5:$F$14,$E8)=0,"Owner not listed",IF($F8="Review","Review",IF($F8="Exclude","",IF(AND(ISNUMBER($G8),$G8<TODAY()),"Past due review",""))))))) | L8: =Assumptions!E8 | M8: =Assumptions!F8 | N8: =Assumptions!D8
A9: Juniper Lock Storage (fictional) - Maple Junction | B9: Insurance | C9: 46387 | D9: 22000 | E9: Casey Morgan (fictional) | F9: Operating Expense | G9: 46266 | H9: Fictional source support needs human review. | I9: =IF(OR($A9="",$F9="",NOT(ISNUMBER($D9))),"",IF($F9="Operating Income",$D9,IF($F9="Operating Expense",-$D9,0))) | J9: =IF($A9="","",IF(OR($B9="",NOT(ISNUMBER($C9)),NOT(ISNUMBER($D9)),$E9="",$F9="",NOT(ISNUMBER($G9))),"Complete required fields",IF(COUNTIF(Assumptions!$E$5:$E$14,$A9)=0,"Facility not listed",IF(COUNTIF(Assumptions!$F$5:$F$14,$E9)=0,"Owner not listed",IF($F9="Review","Review",IF($F9="Exclude","",IF(AND(ISNUMBER($G9),$G9<TODAY()),"Past due review",""))))))) | L9: =Assumptions!E9 | M9: =Assumptions!F9 | N9: =Assumptions!D9
A10: Bluebird Self Storage (fictional) - Mesa Park | B10: All rentable units | C10: 46387 | D10: 420000 | E10: Jordan Lee (fictional) | F10: Operating Income | G10: 46310 | H10: Fictional annual rental income estimate. | I10: =IF(OR($A10="",$F10="",NOT(ISNUMBER($D10))),"",IF($F10="Operating Income",$D10,IF($F10="Operating Expense",-$D10,0))) | J10: =IF($A10="","",IF(OR($B10="",NOT(ISNUMBER($C10)),NOT(ISNUMBER($D10)),$E10="",$F10="",NOT(ISNUMBER($G10))),"Complete required fields",IF(COUNTIF(Assumptions!$E$5:$E$14,$A10)=0,"Facility not listed",IF(COUNTIF(Assumptions!$F$5:$F$14,$E10)=0,"Owner not listed",IF($F10="Review","Review",IF($F10="Exclude","",IF(AND(ISNUMBER($G10),$G10<TODAY()),"Past due review",""))))))) | L10: =Assumptions!E10 | M10: =Assumptions!F10 | N10: =Assumptions!D10
A11: Bluebird Self Storage (fictional) - Mesa Park | B11: Combined operating costs | C11: 46387 | D11: 145000 | E11: Jordan Lee (fictional) | F11: Operating Expense | G11: 46310 | H11: Fictional annual operating expense estimate. | I11: =IF(OR($A11="",$F11="",NOT(ISNUMBER($D11))),"",IF($F11="Operating Income",$D11,IF($F11="Operating Expense",-$D11,0))) | J11: =IF($A11="","",IF(OR($B11="",NOT(ISNUMBER($C11)),NOT(ISNUMBER($D11)),$E11="",$F11="",NOT(ISNUMBER($G11))),"Complete required fields",IF(COUNTIF(Assumptions!$E$5:$E$14,$A11)=0,"Facility not listed",IF(COUNTIF(Assumptions!$F$5:$F$14,$E11)=0,"Owner not listed",IF($F11="Review","Review",IF($F11="Exclude","",IF(AND(ISNUMBER($G11),$G11<TODAY()),"Past due review",""))))))) | L11: =Assumptions!E11 | M11: =Assumptions!F11 | N11: =Assumptions!D11
A12: Harbor Pine Storage (fictional) - Lake Junction | B12: All rentable units | C12: 46387 | D12: 365000 | E12: Riley Brooks (fictional) | F12: Operating Income | G12: 46327 | H12: Fictional annual rental income estimate. | I12: =IF(OR($A12="",$F12="",NOT(ISNUMBER($D12))),"",IF($F12="Operating Income",$D12,IF($F12="Operating Expense",-$D12,0))) | J12: =IF($A12="","",IF(OR($B12="",NOT(ISNUMBER($C12)),NOT(ISNUMBER($D12)),$E12="",$F12="",NOT(ISNUMBER($G12))),"Complete required fields",IF(COUNTIF(Assumptions!$E$5:$E$14,$A12)=0,"Facility not listed",IF(COUNTIF(Assumptions!$F$5:$F$14,$E12)=0,"Owner not listed",IF($F12="Review","Review",IF($F12="Exclude","",IF(AND(ISNUMBER($G12),$G12<TODAY()),"Past due review",""))))))) | L12: =Assumptions!E12 | M12: =Assumptions!F12 | N12: =Assumptions!D12
A13: Harbor Pine Storage (fictional) - Lake Junction | B13: Combined operating costs | C13: 46387 | D13: 121000 | E13: Riley Brooks (fictional) | F13: Operating Expense | G13: 46327 | H13: Fictional annual operating expense estimate. | I13: =IF(OR($A13="",$F13="",NOT(ISNUMBER($D13))),"",IF($F13="Operating Income",$D13,IF($F13="Operating Expense",-$D13,0))) | J13: =IF($A13="","",IF(OR($B13="",NOT(ISNUMBER($C13)),NOT(ISNUMBER($D13)),$E13="",$F13="",NOT(ISNUMBER($G13))),"Complete required fields",IF(COUNTIF(Assumptions!$E$5:$E$14,$A13)=0,"Facility not listed",IF(COUNTIF(Assumptions!$F$5:$F$14,$E13)=0,"Owner not listed",IF($F13="Review","Review",IF($F13="Exclude","",IF(AND(ISNUMBER($G13),$G13<TODAY()),"Past due review",""))))))) | L13: =Assumptions!E13 | M13: =Assumptions!F13 | N13: =Assumptions!D13
A14: Harbor Pine Storage (fictional) - Lake Junction | B14: Unpriced capital review | C14: 46387 | D14: 0 | E14: Riley Brooks (fictional) | F14: Review | G14: 46270 | H14: Fictional zero-amount boundary example; classify after human review. | I14: =IF(OR($A14="",$F14="",NOT(ISNUMBER($D14))),"",IF($F14="Operating Income",$D14,IF($F14="Operating Expense",-$D14,0))) | J14: =IF($A14="","",IF(OR($B14="",NOT(ISNUMBER($C14)),NOT(ISNUMBER($D14)),$E14="",$F14="",NOT(ISNUMBER($G14))),"Complete required fields",IF(COUNTIF(Assumptions!$E$5:$E$14,$A14)=0,"Facility not listed",IF(COUNTIF(Assumptions!$F$5:$F$14,$E14)=0,"Owner not listed",IF($F14="Review","Review",IF($F14="Exclude","",IF(AND(ISNUMBER($G14),$G14<TODAY()),"Past due review",""))))))) | L14: =Assumptions!E14 | M14: =Assumptions!F14 | N14: =Assumptions!D14
I15: =IF(OR($A15="",$F15="",NOT(ISNUMBER($D15))),"",IF($F15="Operating Income",$D15,IF($F15="Operating Expense",-$D15,0))) | J15: =IF($A15="","",IF(OR($B15="",NOT(ISNUMBER($C15)),NOT(ISNUMBER($D15)),$E15="",$F15="",NOT(ISNUMBER($G15))),"Complete required fields",IF(COUNTIF(Assumptions!$E$5:$E$14,$A15)=0,"Facility not listed",IF(COUNTIF(Assumptions!$F$5:$F$14,$E15)=0,"Owner not listed",IF($F15="Review","Review",IF($F15="Exclude","",IF(AND(ISNUMBER($G15),$G15<TODAY()),"Past due review",""))))))) | L15: =Assumptions!E15 | M15: =Assumptions!F15 | N15: =Assumptions!D15
I16: =IF(OR($A16="",$F16="",NOT(ISNUMBER($D16))),"",IF($F16="Operating Income",$D16,IF($F16="Operating Expense",-$D16,0))) | J16: =IF($A16="","",IF(OR($B16="",NOT(ISNUMBER($C16)),NOT(ISNUMBER($D16)),$E16="",$F16="",NOT(ISNUMBER($G16))),"Complete required fields",IF(COUNTIF(Assumptions!$E$5:$E$14,$A16)=0,"Facility not listed",IF(COUNTIF(Assumptions!$F$5:$F$14,$E16)=0,"Owner not listed",IF($F16="Review","Review",IF($F16="Exclude","",IF(AND(ISNUMBER($G16),$G16<TODAY()),"Past due review",""))))))) | L16: =Assumptions!E16 | M16: =Assumptions!F16 | N16: =Assumptions!D16
I17: =IF(OR($A17="",$F17="",NOT(ISNUMBER($D17))),"",IF($F17="Operating Income",$D17,IF($F17="Operating Expense",-$D17,0))) | J17: =IF($A17="","",IF(OR($B17="",NOT(ISNUMBER($C17)),NOT(ISNUMBER($D17)),$E17="",$F17="",NOT(ISNUMBER($G17))),"Complete required fields",IF(COUNTIF(Assumptions!$E$5:$E$14,$A17)=0,"Facility not listed",IF(COUNTIF(Assumptions!$F$5:$F$14,$E17)=0,"Owner not listed",IF($F17="Review","Review",IF($F17="Exclude","",IF(AND(ISNUMBER($G17),$G17<TODAY()),"Past due review",""))))))) | L17: =Assumptions!E17 | M17: =Assumptions!F17 | N17: =Assumptions!D17
I18: =IF(OR($A18="",$F18="",NOT(ISNUMBER($D18))),"",IF($F18="Operating Income",$D18,IF($F18="Operating Expense",-$D18,0))) | J18: =IF($A18="","",IF(OR($B18="",NOT(ISNUMBER($C18)),NOT(ISNUMBER($D18)),$E18="",$F18="",NOT(ISNUMBER($G18))),"Complete required fields",IF(COUNTIF(Assumptions!$E$5:$E$14,$A18)=0,"Facility not listed",IF(COUNTIF(Assumptions!$F$5:$F$14,$E18)=0,"Owner not listed",IF($F18="Review","Review",IF($F18="Exclude","",IF(AND(ISNUMBER($G18),$G18<TODAY()),"Past due review",""))))))) | L18: =Assumptions!E18 | M18: =Assumptions!F18 | N18: =Assumptions!D18
I19: =IF(OR($A19="",$F19="",NOT(ISNUMBER($D19))),"",IF($F19="Operating Income",$D19,IF($F19="Operating Expense",-$D19,0))) | J19: =IF($A19="","",IF(OR($B19="",NOT(ISNUMBER($C19)),NOT(ISNUMBER($D19)),$E19="",$F19="",NOT(ISNUMBER($G19))),"Complete required fields",IF(COUNTIF(Assumptions!$E$5:$E$14,$A19)=0,"Facility not listed",IF(COUNTIF(Assumptions!$F$5:$F$14,$E19)=0,"Owner not listed",IF($F19="Review","Review",IF($F19="Exclude","",IF(AND(ISNUMBER($G19),$G19<TODAY()),"Past due review",""))))))) | L19: =Assumptions!E19 | M19: =Assumptions!F19 | N19: =Assumptions!D19
I20: =IF(OR($A20="",$F20="",NOT(ISNUMBER($D20))),"",IF($F20="Operating Income",$D20,IF($F20="Operating Expense",-$D20,0))) | J20: =IF($A20="","",IF(OR($B20="",NOT(ISNUMBER($C20)),NOT(ISNUMBER($D20)),$E20="",$F20="",NOT(ISNUMBER($G20))),"Complete required fields",IF(COUNTIF(Assumptions!$E$5:$E$14,$A20)=0,"Facility not listed",IF(COUNTIF(Assumptions!$F$5:$F$14,$E20)=0,"Owner not listed",IF($F20="Review","Review",IF($F20="Exclude","",IF(AND(ISNUMBER($G20),$G20<TODAY()),"Past due review",""))))))) | L20: =Assumptions!E20 | M20: =Assumptions!F20 | N20: =Assumptions!D20
I21: =IF(OR($A21="",$F21="",NOT(ISNUMBER($D21))),"",IF($F21="Operating Income",$D21,IF($F21="Operating Expense",-$D21,0))) | J21: =IF($A21="","",IF(OR($B21="",NOT(ISNUMBER($C21)),NOT(ISNUMBER($D21)),$E21="",$F21="",NOT(ISNUMBER($G21))),"Complete required fields",IF(COUNTIF(Assumptions!$E$5:$E$14,$A21)=0,"Facility not listed",IF(COUNTIF(Assumptions!$F$5:$F$14,$E21)=0,"Owner not listed",IF($F21="Review","Review",IF($F21="Exclude","",IF(AND(ISNUMBER($G21),$G21<TODAY()),"Past due review",""))))))) | L21: =Assumptions!E21 | M21: =Assumptions!F21 | N21: =Assumptions!D21
I22: =IF(OR($A22="",$F22="",NOT(ISNUMBER($D22))),"",IF($F22="Operating Income",$D22,IF($F22="Operating Expense",-$D22,0))) | J22: =IF($A22="","",IF(OR($B22="",NOT(ISNUMBER($C22)),NOT(ISNUMBER($D22)),$E22="",$F22="",NOT(ISNUMBER($G22))),"Complete required fields",IF(COUNTIF(Assumptions!$E$5:$E$14,$A22)=0,"Facility not listed",IF(COUNTIF(Assumptions!$F$5:$F$14,$E22)=0,"Owner not listed",IF($F22="Review","Review",IF($F22="Exclude","",IF(AND(ISNUMBER($G22),$G22<TODAY()),"Past due review",""))))))) | L22: =Assumptions!E22 | M22: =Assumptions!F22 | N22: =Assumptions!D22
I23: =IF(OR($A23="",$F23="",NOT(ISNUMBER($D23))),"",IF($F23="Operating Income",$D23,IF($F23="Operating Expense",-$D23,0))) | J23: =IF($A23="","",IF(OR($B23="",NOT(ISNUMBER($C23)),NOT(ISNUMBER($D23)),$E23="",$F23="",NOT(ISNUMBER($G23))),"Complete required fields",IF(COUNTIF(Assumptions!$E$5:$E$14,$A23)=0,"Facility not listed",IF(COUNTIF(Assumptions!$F$5:$F$14,$E23)=0,"Owner not listed",IF($F23="Review","Review",IF($F23="Exclude","",IF(AND(ISNUMBER($G23),$G23<TODAY()),"Past due review",""))))))) | L23: =Assumptions!E23 | M23: =Assumptions!F23 | N23: =Assumptions!D23
I24: =IF(OR($A24="",$F24="",NOT(ISNUMBER($D24))),"",IF($F24="Operating Income",$D24,IF($F24="Operating Expense",-$D24,0))) | J24: =IF($A24="","",IF(OR($B24="",NOT(ISNUMBER($C24)),NOT(ISNUMBER($D24)),$E24="",$F24="",NOT(ISNUMBER($G24))),"Complete required fields",IF(COUNTIF(Assumptions!$E$5:$E$14,$A24)=0,"Facility not listed",IF(COUNTIF(Assumptions!$F$5:$F$14,$E24)=0,"Owner not listed",IF($F24="Review","Review",IF($F24="Exclude","",IF(AND(ISNUMBER($G24),$G24<TODAY()),"Past due review",""))))))) | L24: =Assumptions!E24 | M24: =Assumptions!F24 | N24: =Assumptions!D24
I25: =IF(OR($A25="",$F25="",NOT(ISNUMBER($D25))),"",IF($F25="Operating Income",$D25,IF($F25="Operating Expense",-$D25,0))) | J25: =IF($A25="","",IF(OR($B25="",NOT(ISNUMBER($C25)),NOT(ISNUMBER($D25)),$E25="",$F25="",NOT(ISNUMBER($G25))),"Complete required fields",IF(COUNTIF(Assumptions!$E$5:$E$14,$A25)=0,"Facility not listed",IF(COUNTIF(Assumptions!$F$5:$F$14,$E25)=0,"Owner not listed",IF($F25="Review","Review",IF($F25="Exclude","",IF(AND(ISNUMBER($G25),$G25<TODAY()),"Past due review",""))))))) | L25: =Assumptions!E25 | M25: =Assumptions!F25 | N25: =Assumptions!D25
I26: =IF(OR($A26="",$F26="",NOT(ISNUMBER($D26))),"",IF($F26="Operating Income",$D26,IF($F26="Operating Expense",-$D26,0))) | J26: =IF($A26="","",IF(OR($B26="",NOT(ISNUMBER($C26)),NOT(ISNUMBER($D26)),$E26="",$F26="",NOT(ISNUMBER($G26))),"Complete required fields",IF(COUNTIF(Assumptions!$E$5:$E$14,$A26)=0,"Facility not listed",IF(COUNTIF(Assumptions!$F$5:$F$14,$E26)=0,"Owner not listed",IF($F26="Review","Review",IF($F26="Exclude","",IF(AND(ISNUMBER($G26),$G26<TODAY()),"Past due review",""))))))) | L26: =Assumptions!E26 | M26: =Assumptions!F26 | N26: =Assumptions!D26
... I104: =IF(OR($A104="",$F104="",NOT(ISNUMBER($D104))),"",IF($F104="Operating Income",$D104,IF($F104="Operating Expense",-$D104,0))) | J104: =IF($A104="","",IF(OR($B104="",NOT(ISNUMBER($C104)),NOT(ISNUMBER($D104)),$E104="",$F104="",NOT(ISNUMBER($G104))),"Complete required fields",IF(COUNTIF(Assumptions!$E$5:$E$14,$A104)=0,"Facility not listed",IF(COUNTIF(Assumptions!$F$5:$F$14,$E104)=0,"Owner not listed",IF($F104="Review","Review",IF($F104="Exclude","",IF(AND(ISNUMBER($G104),$G104<TODAY()),"Past due review",""))))))) | L104: =Assumptions!E104 | M104: =Assumptions!F104 | N104: =Assumptions!D104

Sheet Assumptions
A1: Assumptions and Controlled Lists
A2: Editable assumptions and list entries are shaded pale yellow. Status wording is fixed because the NOI formulas rely on it.
A4: Scenario | B4: Cap Rate | C4: Scenario Note | D4: Status Options | E4: Facility List | F4: Owner List
A5: Lower Cap Case | B5: 0.055 | C5: A lower cap rate produces a higher indicated value. | D5: Operating Income | E5: Juniper Lock Storage (fictional) - Maple Junction | F5: Casey Morgan (fictional)
A6: Base Case | B6: 0.0625 | C6: Editable comparison assumption used in the facility table. | D6: Operating Expense | E6: Bluebird Self Storage (fictional) - Mesa Park | F6: Jordan Lee (fictional)
A7: Higher Cap Case | B7: 0.0725 | C7: A higher cap rate produces a lower indicated value. | D7: Exclude | E7: Harbor Pine Storage (fictional) - Lake Junction | F7: Riley Brooks (fictional)
D8: Review
A10: Input Limit | B10: Editable Value
A11: Earliest Allowed Date | B11: 43831
A12: Latest Allowed Date | B12: 49674
A13: Maximum Annual Amount | B13: 10000000
A16: Review and Exclude statuses do not enter NOI until a person changes the status.
A17: Indicated values are comparison calculations based on entered data and assumptions, not promised outcomes.
